 Dungeon Crawl Stone Soup version 0.17-a0-1197-g2d00c63 (webtiles) character file.

145 onwiheg the Cudgeler (level 5, -8/41 HPs)
             Began as a Formicid Fighter on June 2, 2015.
             Killed by divine providence
             ... invoked by an orc priest
              (13 damage)
             ... on level 4 of the Dungeon.
             The game lasted 00:07:16 (2751 turns).

onwiheg the Cudgeler (Formicid Fighter)             Turns: 2751, Time: 00:07:17

Health: -8/41      AC:  6    Str: 21    XL:     5   Next: 53%
Magic:  5/5        EV:  7    Int:  8    God:
Gold:   138        SH:  9    Dex: 10    Spells: 0 memorised, 4 levels left

rFire  . . .     SeeInvis +     a - +0 flail
rCold  . . .     Clarity  .     b - +0 scale mail
rNeg   . . .     SustAt   .     c - +0 shield
rPois  .         Gourm    .     (helmet unavailable)
rElec  .         Spirit   .     (no cloak)
rCorr  .         Warding  .     (no gloves)
rMut   .         Stasis   +     (no boots)
MR     .....                    (no amulet)
Stlth  ..........               (no ring)
                                A - ring of loudness (curse)

@: not resistant to hostile enchantments, extremely unstealthy
A: permanent stasis, dig shafts and tunnels, four strong arms, antennae 3
a: Dig, Shaft Self


You were on level 4 of the Dungeon.
You were not hungry.

You visited 1 branch of the dungeon, and saw 4 of its levels.

You collected 138 gold pieces.

Inventory:

Hand weapons
 a - a +0 flail (weapon)
Missiles
 u - 13 poisoned needles
Armour
 b - a +0 scale mail (worn)
 c - a +0 shield (worn)
Jewellery
 A - a cursed ring of loudness (left hand)
Magical devices
 s - a wand of digging (16)
 w - a wand of heal wounds (8)
Scrolls
 f - a scroll of noise {unknown}
 g - 4 scrolls of remove curse {unknown}
 l - 2 scrolls of enchant weapon {unknown}
 m - a scroll of recharging {unknown}
 n - a scroll of fear {unknown}
 o - a scroll of teleportation {unknown}
 t - 2 scrolls of identify {unknown}
 v - 2 scrolls of blinking {unknown}
 x - a scroll of immolation {unknown}
 y - a scroll of magic mapping {unknown}
Potions
 d - a potion of might
 e - a potion of cancellation {unknown}
 i - a potion of lignification {unknown}
 k - 2 potions of curing {unknown}
 p - a potion of haste {unknown}
 q - a potion of agility {unknown}
 z - a potion of brilliance {unknown}
Comestibles
 h - 2 meat rations
 j - 2 beef jerkies
 r - a slice of pizza
 B - 3 bread rations


   Skills:
 - Level 3.2 Fighting
 + Level 5.3 Maces & Flails
 - Level 3.2 Armour
 - Level 3.6 Shields


You had 4 spell levels left.
You didn't know any spells.

Dungeon Overview and Level Annotations

Branches:
Dungeon (4/15)
 Temple: D:4-7

Altars:
Ashenzari
Makhleb
Nemelex Xobeh
Qazlal
Sif Muna


Innate Abilities, Weirdness & Mutations

You are under a permanent stasis effect.
You can dig through walls and to a lower floor.
Your four strong arms can wield two-handed weapons with a shield.
You have a pair of large antennae on your head (SInv).


Message History

You block the hobgoblin's attack. You block the orc's attack.
The orc priest hits you but does no damage.
You hit the orc priest.
The orc priest is severely wounded.
The hobgoblin hits you.
* * * LOW HITPOINT WARNING * * *
You block the orc's attack. The orc priest closely misses you.
You block the hobgoblin's attack.
You barely miss the orc priest.
The orc priest is severely wounded.
The orc priest glows brightly for a moment.
The orc hits you but does no damage.
The hobgoblin hits you but does no damage.
You hit the orc priest.
The orc priest is almost dead.
The orc priest hits you but does no damage.
You block the hobgoblin's attack. The orc hits you but does no damage.
The orc priest invokes the aid of Beogh against you.
Something smites you!
You die...

.†.##..≈≈ ..####.§♣#≈
..'..# .^.. ##+
..#######.###.#
........#.#...#
........+.+...+
........#.#...# ##+
..###'###.#...##+##.....
..........'...'o@o'.....
#.###..####...#g###.....
#+# #..# ###....{.o..#+
+... +......o. #+###
#........ ...###...
....+ ... .<...# ...
##+##


You could see an orc priest, an orc and a hobgoblin.

Vanquished Creatures
  A hound (D:2)
  A worker ant (D:3)
  Robin (D:2)
  2 adders
  3 worms (D:2)
  A giant gecko (D:3)
  An orc (D:4)
  A giant cockroach (D:1)
  15 goblins
  9 hobgoblins
  2 jackals (D:2)
  4 bats
  2 giant newts
  9 kobolds
  4 rats
56 creatures vanquished.

Vanquished Creatures (others)
  A kobold (D:3)
1 creature vanquished.

Grand Total: 57 creatures vanquished

Notes
Turn   | Place    | Note
--------------------------------------------------------------
     0 | D:1      | onwiheg the Formicid Fighter began the quest for the Orb.
     0 | D:1      | Reached XP level 1. HP: 18/18 MP: 1/1
   273 | D:1      | Found a sparkling altar of Nemelex Xobeh.
   513 | D:1      | Reached XP level 2. HP: 17/24 MP: 2/2
   732 | D:2      | Found a shattered altar of Ashenzari.
   897 | D:2      | Found a deep blue altar of Sif Muna.
   932 | D:2      | Noticed Robin
   944 | D:2      | Reached XP level 3. HP: 18/29 MP: 3/3
   962 | D:2      | Killed Robin
   967 | D:2      | Reached XP level 4. HP: 16/35 MP: 4/4
   973 | D:2      | Reached skill level 4 in Maces & Flails
  1615 | D:2      | Found a burning altar of Makhleb.
  1745 | D:2      | Reached XP level 5. HP: 39/41 MP: 5/5
  2085 | D:3      | Found a stormy altar of Qazlal.
  2185 | D:3      | Reached skill level 5 in Maces & Flails
  2751 | D:4      | Killed from afar by an orc priest

Vault maps used:
D:1:      minmay_arrival_doors, nemelex_altar_shiori
D:2:      lemuel_doored_altar, lemuel_blue_sif_altar,
          makhleb_blood_cavern_becter, uniq_robin
D:3:      first_bread, minivault_23, nicolae_qazlal_eye_of_the_storm
D:4:      xom_redecorated, dk_noncrumbling_3, st_stairs_14, lemuel_tele_altar,
          uniq_pikel

Action                   |  1- 3 |  4- 6 || total
-------------------------+-------+-------++-------
Melee: Flail             |    82 |   117 ||   199
 Abil: Dig               |       |     5 ||     5
  Eat: Chunk             |       |     5 ||     5
       Bread ration      |       |     1 ||     1
